 Dungeon Crawl Stone Soup version 0.27.1-33-g824d729ab1 (webtiles) character file.

Game seed: 12955933027663658101

5112 hamarrboo the Protected (level 10, 0/124 HPs)
             Began as a Minotaur Fighter on Dec 14, 2021.
             Was a Priest of Trog.
             Slain by an eight-headed hydra (12 damage)
             ... on level 8 of the Dungeon on Dec 24, 2021.
             The game lasted 00:45:44 (7365 turns).

hamarrboo the Protected (Minotaur Fighter)          Turns: 7365, Time: 00:45:46

Health: 0/124      AC: 14    Str: 24    XL:     10   Next: 32%
Magic:  9/9        EV: 10    Int:  5    God:    Trog [***...]
Gold:   514        SH: 11    Dex: 10    Spells: 9/9 levels left

rFire    . . .     SeeInvis .   j - +6 dagger (venom)
rCold    + . .     Faith    .   c - +0 kite shield
rNeg     . . .     Spirit   .   x - +0 plate armour
rPois    .         Reflect  .   (helmet restricted)
rElec    .         Harm     .   (no cloak)
rCorr    .         Rampage  .   (no gloves)
Will     ++...                  (no boots)
Stlth    ..........             e - amulet of regeneration
HPRegen  2.30/turn              w - +4 ring of evasion
MPRegen  0.11/turn              a - ring of protection from cold

@: berserking, strong-willed, regenerating, very quick
A: horns 2, retaliatory headbutt
a: Renounce Religion, Berserk, Trog's Hand


You were on level 8 of the Dungeon.
You worshipped Trog.
Trog was most pleased with you.
You visited 1 branch of the dungeon, and saw 12 of its levels.
You also visited: Sewer.

You collected 514 gold pieces.

Inventory:

Hand Weapons
 j - a +6 dagger of venom (weapon)
Missiles
 i - 2 throwing nets
 l - 26 poisoned darts (quivered)
 t - a curare-tipped dart
Armour
 c - a +0 kite shield (worn)
 x - a +0 plate armour (worn)
Jewellery
 a - a ring of protection from cold (right hand)
 e - an amulet of regeneration (around neck)
 p - a ring of protection from fire
 u - a ring of resist corrosion
 w - a +4 ring of evasion (left hand)
Wands
 s - a wand of flame (32)
Scrolls
 b - a scroll of amnesia {unknown}
 k - a scroll of immolation {unknown}
 m - 3 scrolls of teleportation {unknown}
 o - 4 scrolls of magic mapping {unknown}
 r - a scroll of fear {unknown}
Potions
 d - a potion of heal wounds
 f - 2 potions of cancellation
 g - a potion of resistance {unknown}
 h - 2 potions of curing
 n - 3 potions of haste {unknown}
 q - a potion of ambrosia {unknown}
 v - a potion of degeneration {unknown}


   Skills:
 + Level 6.3 Fighting
 * Level 8.4 Short Blades
 - Level 3.4 Axes
 + Level 6.8 Throwing
 + Level 9.1 Armour
 + Level 2.3 Dodging
 - Level 0.1 Stealth
 + Level 9.0 Shields
 + Level 1.1 Evocations


You had 9 spell levels left.
You didn't know any spells.
Your spell library was empty.

Dungeon Overview and Level Annotations

Branches:
Dungeon (12/15)            Temple (0/1) D:6           Sewer (visited)
   Lair: D:8-11         Orc: D:9-12

Altars:
Dithmenos
Elyvilon
Gozag
Hepliaklqana
Makhleb
Nemelex Xobeh
Okawaru
Qazlal
Trog
Uskayaw
Wu Jian
Xom
Yredelemnul
Zin
The Shining One


Innate Abilities, Weirdness & Mutations

You have a pair of horns on your head.
You reflexively headbutt those who attack you in melee.


Message History

The eight-headed hydra bites you but does no damage.
The eight-headed hydra bites you!
The eight-headed hydra bites you but does no damage.
You climb upwards.
There is a stone staircase leading down here.
Your skin crawls.
You feel strong-willed. The troll barely misses you. The troll claws you!
The troll claws you but does no damage. The eight-headed hydra bites you!
The eight-headed hydra bites you.
The eight-headed hydra closely misses you.
You block the eight-headed hydra's attack.
The eight-headed hydra bites you! x2
The eight-headed hydra bites you but does no damage.
The eight-headed hydra bites you.
A red film seems to cover your vision as you go berserk!
You feel yourself moving faster!
You feel mighty! The troll bites you but does no damage. The troll claws you.
The troll claws you but does no damage.
You block the eight-headed hydra's attack. x2
The eight-headed hydra bites you. The eight-headed hydra misses you.
The eight-headed hydra bites you!
* * * LOW HITPOINT WARNING * * *
The eight-headed hydra bites you!
* * * LOW HITPOINT WARNING * * *
The eight-headed hydra bites you but does no damage.
The eight-headed hydra barely misses you.
You puncture the eight-headed hydra!
The eight-headed hydra looks as sick as possible!
The eight-headed hydra is moderately wounded.
The troll closely misses you. The troll claws you but does no damage.
The troll claws you.
* * * LOW HITPOINT WARNING * * *
You barely miss the eight-headed hydra.
The eight-headed hydra is moderately wounded.
The eight-headed hydra bites you.
* * * LOW HITPOINT WARNING * * *
The eight-headed hydra barely misses you.
The eight-headed hydra bites you!
You die...

#.# #........####.##.########
#.#####....###.................
#.......(..##...###.##.########
##.####.....##...# #....##.....#
#...........##...# #....##.....#
##.####.#...##...# #....##.....'
#....#.<....##...# #....##.....#
##.#.#...#..##T..###....##......
#.#.#...#..##D@...........)....
#.#.#...#..#........##.##......
#.#.....#..#.#########.##......
#.#...#.#..#...............#...
#.#...#.#......#######.###.#.#.
#.###.#....#.........#...#.#.#.
#.....#.##.#.........#.....#.#.
######.....#...#############.#.
#.........##............##


You could see an eight-headed hydra (extremely poisoned) and a troll.

Vanquished Creatures
  Harold (D:9)
  A komodo dragon (D:10)
  Grinder (D:6)
  A shadow (D:11)
  A wraith (D:11)
  A steam dragon (D:7)
  4 vampire mosquitoes (D:11)
  Duvessa (D:6)
  An ice beast (D:5)
  Purgy (Sewer)
  A sky beast (D:7)
  A hornet zombie (D:7)
  A necrophage (D:8)
  2 ogres
  2 phantoms
  2 centaurs
  Blork the orc (D:6)
  3 bullfrogs
  5 kobold brigands
  A scorpion (D:3)
  Dowan (D:6)
  A water moccasin zombie (D:6)
  2 wyvern skeletons (D:6)
  5 killer bees (D:8)
  4 wights (D:10)
  A howler monkey (D:8)
  2 centaur zombies
  3 gnoll shamans
  A jelly (D:4)
  Jessica (D:2)
  2 centaur skeletons (D:6)
  2 iguanas (D:6)
  An orc wizard (D:7)
  2 killer bee zombies
  2 hound skeletons
  2 howler monkey zombies
  15 gnolls
  An adder (D:6)
  4 white imps
  An adder skeleton (D:4)
  A dart slug (D:4)
  7 orcs
  7 ball pythons
  4 endoplasms
  4 giant cockroaches
  5 goblins
  7 hobgoblins
  5 quokkas
  4 bats
  3 frilled lizards
  37 kobolds
  6 rats
175 creatures vanquished.

Vanquished Creatures (others)
  A fungus (D:8)
  4 toadstools (D:6)
5 creatures vanquished.

Grand Total: 180 creatures vanquished

Notes
Turn   | Place    | Note
-------+----------+-------------------------------------------
     0 | D:1      | hamarrboo the Minotaur Fighter began the quest for the Orb.
     0 | D:1      | Reached XP level 1. HP: 19/19 MP: 0/0
   215 | D:1      | Reached XP level 2. HP: 27/27 MP: 1/1
   778 | D:2      | Found a hide-covered altar of Uskayaw.
  1084 | D:2      | Noticed Jessica
  1095 | D:2      | Killed Jessica
  1096 | D:2      | Reached XP level 3. HP: 33/33 MP: 2/2
  2060 | D:3      | Noticed a scorpion
  2068 | D:3      | Killed a scorpion
  2069 | D:3      | Reached skill level 1 in Short Blades
  2069 | D:3      | Reached skill level 1 in Throwing
  2069 | D:3      | Reached XP level 4. HP: 40/40 MP: 3/3
  2137 | D:3      | Found a bloodstained altar of Trog.
  2147 | D:3      | Became a worshipper of Trog the Wrathful
  2346 | D:3      | Found a hazy altar of Hepliaklqana.
  2364 | D:3      | Found a burning altar of Makhleb.
  2501 | D:3      | Found a white marble altar of Elyvilon.
  2504 | D:3      | Found a shimmering altar of Xom.
  2504 | D:3      | Found a glowing silver altar of Zin.
  2506 | D:3      | Found a shadowy altar of Dithmenos.
  2506 | D:3      | Found an iron altar of Okawaru.
  2506 | D:3      | Found a shimmering altar of Xom.
  2591 | D:3      | Noticed a kobold brigand
  2604 | D:3      | Killed a kobold brigand
  2605 | D:3      | Reached skill level 5 in Armour
  2605 | D:3      | Reached skill level 1 in Dodging
  2605 | D:3      | Reached XP level 5. HP: 28/46 MP: 4/4
  2867 | D:5      | Entered Level 5 of the Dungeon
  2931 | D:5      | Found a stormy altar of Qazlal.
  2933 | D:5      | Noticed a fire elemental
  2934 | D:5      | Noticed an air elemental
  2934 | D:5      | Noticed a water elemental
  3004 | D:5      | Found a glowing drain.
  3009 | Sewer    | Entered a sewer
  3033 | Sewer    | Noticed Purgy
  3036 | Sewer    | Killed Purgy
  3037 | Sewer    | Reached XP level 6. HP: 53/53 MP: 5/5
  3208 | D:5      | Noticed an ice beast
  3217 | D:5      | Killed an ice beast
  3368 | D:4      | Found a shadowy altar of Dithmenos.
  3381 | D:4      | Found a basalt altar of Yredelemnul.
  3490 | D:4      | Reached * piety under Trog
  3513 | D:3      | Found an iron altar of Okawaru.
  3575 | D:4      | Reached XP level 7. HP: 46/60 MP: 6/6
  3847 | D:4      | Found a glowing silver altar of Zin.
  3851 | D:4      | Reached skill level 5 in Shields
  4532 | D:6      | Reached XP level 8. HP: 67/67 MP: 7/7
  4605 | D:6      | Found a staircase to the Ecumenical Temple.
  4606 | D:6      | Noticed Blork the orc
  4609 | D:6      | Killed Blork the orc
  4609 | D:6      | Reached ** piety under Trog
  4682 | D:6      | Noticed Grinder
  4709 | D:6      | Paralysed by Grinder for 5 turns
  4719 | D:6      | Paralysed by Grinder for 6 turns
  4726 | D:6      | Killed Grinder
  4782 | D:6      | Reached skill level 5 in Short Blades
  4904 | D:6      | Found a sparkling altar of Nemelex Xobeh.
  5140 | D:6      | Reached skill level 5 in Fighting
  5196 | D:6      | Noticed Duvessa
  5196 | D:6      | Noticed Dowan
  5207 | D:6      | Killed Duvessa
  5214 | D:6      | Killed Dowan
  5351 | D:7      | Reached skill level 5 in Throwing
  5402 | D:7      | Reached XP level 9. HP: 72/74 MP: 8/8
  5553 | D:8      | Found a glowing golden altar of the Shining One.
  5948 | D:7      | Found an opulent altar of Gozag.
  6135 | D:8      | You fall into a shaft and drop 3 floors!
  6361 | D:11     | Reached *** piety under Trog
  6427 | D:11     | Reached skill level 1 in Evocations
  6463 | D:10     | Entered Level 10 of the Dungeon
  6481 | D:10     | Noticed a komodo dragon
  6495 | D:10     | Killed a komodo dragon
  6580 | D:10     | Reached XP level 10. HP: 83/83 MP: 9/9
  6630 | D:9      | Noticed Harold
  6650 | D:9      | HP: 1/80 [Harold (21)]
  6653 | D:9      | Killed Harold
  6655 | D:9      | HP: 6/124 [poisoned by Harold]
  6660 | D:9      | HP: 4/83 [poisoned by Harold]
  6735 | D:9      | Noticed a two-headed ogre
  6779 | D:8      | Found an ornate altar of the Wu Jian Council.
  7345 | D:9      | Noticed an eight-headed hydra
  7365 | D:8      | Slain by an eight-headed hydra

Illustrated notes

Levels and vault maps discovered:
D:1:      psy_arrival_basics, layout_loops_ring, minmay_misc_feat_secret_circle,
          bh_walls_and_bars
D:2:      layout_loops_ring, serial_co_window_serial, co_window_paths_a,
          co_window_corner_a, co_window_paths_a, co_window_paths_a,
          co_window_of_opportunity_a, co_window_paths_b, co_window_paths_b,
          co_window_corner_ca, co_window_corner_cb, co_window_cross_3,
          co_window_sun, co_window_paths_d, glass_columns_a, glass_columns_a,
          glass_columns_a, glass_columns_a, basic_altar, grunt_ministairs_5,
          amcnicky_mini_rare_corridor_liquid, eino_curves_02,
          chequers_serial_rivers_marsh, uniq_jessica
D:3:      cheibrodos_thug_alley, layout_basic, nicolae_overflow_hidden_temple,
          mainiacjoe_overflow_cross_hatched, doesnt_xom_only_xom
D:4:      layout_basic, mainiacjoe_overflow_large_starburst, zin_academy,
          serial_rivers, chequers_serial_rivers_micro_b,
          chequers_serial_rivers_micro_e, chequers_serial_rivers_large_b,
          chequers_serial_rivers_micro_a
D:5:      layout_loops_ring, nicolae_qazlal_style_of_elements,
          portal_sewer_entry_e
D:6:      layout_gridville, amcnicky_altar_gilded, minmay_temple_entry_glass,
          minmay_gold_behind_fungi, uniq_blork_the_orc, uniq_duvessa,
          uniq_grinder
D:7:      layout_rooms, mainiacjoe_overflow_alcove_2, minmay_misc_feat_columns
D:8:      layout_basic, general_overflow_altar, mainiacjoe_overflow_boulevard,
          grunt_ministairs_1
D:9:      layout_basic, uniq_harold
D:10:     layout_irregular_city, lair_entry_dummy, orc_david_3, hive_lemuel
D:11:     layout_irregular_city, uniq_urug
D:12:     hangedman_cross_cluster, layout_layer_cave, slow_altar_1,
          uniq_josephine, uniq_frances

Skill      XL: |  1  2  3  4  5  6  7  8  9 10 |
---------------+-------------------------------+-----
Armour         | 4 5 6 7 8 9 |  9.1
Axes           | 3 |  3.4
Fighting       | 4 5 6 |  6.3
Shields        | 4 5 6 8 9 |  9.0
Short Blades   | 1 2 3 4 6 7 8 |  8.4
Throwing       | 1 2 3 5 6 |  6.8
Dodging        | 1 2 |  2.3
Evocations     | 1 |  1.1
Stealth        | |  0.1

Action                   |  1- 3 |  4- 6 |  7- 9 | 10-12 || total
-------------------------+-------+-------+-------+-------++-------
Melee: War axe           |    48 |       |       |       ||    48
       Headbutt          |     4 |     9 |    68 |    17 ||    98
       Dagger            |    21 |    58 |   304 |    76 ||   459
       Unarmed           |       |       |     2 |       ||     2
Throw: Boomerang         |    15 |    26 |    67 |       ||   108
       Dart              |       |    17 |    41 |       ||    58
       Throwing net      |       |       |     2 |       ||     2
Invok: Berserk           |       |       |     3 |     2 ||     5
       Trog's Hand       |       |       |       |     1 ||     1
Evoke: Wand              |       |       |    10 |       ||    10
  Use: Scroll            |       |     4 |     4 |       ||     8
       Potion            |       |     3 |       |     1 ||     4
Armor: Scale mail        |    25 |    23 |     6 |       ||    54
       Chain mail        |       |       |    60 |       ||    60
       Skin              |       |       |     1 |       ||     1
       Plate armour      |       |       |    32 |    37 ||    69
Dodge: Dodged            |    21 |    15 |    69 |    40 ||   145
Block: Kite shield       |    41 |    29 |   143 |    58 ||   271
